 Dungeon Crawl Stone Soup version 0.26-a0-682-g294304f6e8 (webtiles) character file.

Game seed: 7308265348543493541

205 karrick the Cudgeler (level 5, -1/32 HPs)
             Began as a Gargoyle Gladiator on Oct 22, 2020.
             Slain by an ogre
             ... wielding a +0 giant club
              (11 damage)
             ... on level 4 of the Dungeon.
             The game lasted 00:05:39 (3489 turns).

karrick the Cudgeler (Gargoyle Gladiator)           Turns: 3489, Time: 00:05:40

Health: -1/32      AC: 11    Str: 17    XL:     5   Next: 83%
Magic:  5/5        EV: 13    Int: 10    God:
Gold:   161        SH:  0    Dex: 14    Spells: 4/4 levels left

rFire    . . .     SeeInvis .   a - +0 flail
rCold    . . .     Faith    .   (no shield)
rNeg     + + .     Spirit   .   w - +3 leather armour "Sosto" {rN+ Dex+3}
rPois    ∞         Reflect  .   c - +0 helmet
rElec    +         Harm     .   (no cloak)
rCorr    .         Rampage  .   (no gloves)
MR       .....                  (no boots)
Stlth    ++........             (no amulet)
HPRegen  0.10/turn              (no ring)
MPRegen  0.09/turn              (no ring)

@: no status effects
A: negative energy resistance 1, electricity resistance, unbreathing,
petrification resistance, rot immunity, AC +4
a: no special abilities


You were on level 4 of the Dungeon.
You visited 1 branch of the dungeon, and saw 4 of its levels.

You collected 161 gold pieces.

Inventory:

Hand Weapons
 a - a +0 flail (weapon)
Missiles
 d - 3 throwing nets (quivered)
 o - 6 datura-tipped darts
Armour
 c - a +0 helmet (worn)
 k - a cursed +0 ring mail
 w - the +3 leather armour "Sosto" (worn) {rN+ Dex+3}
   (You found it on level 4 of the Dungeon)

   It affects your dexterity (+3).
   It protects you from negative energy.
Scrolls
 g - 3 scrolls of enchant armour {unknown}
 h - 4 scrolls of remove curse {unknown}
 i - a scroll of blinking {unknown}
 m - a scroll of fog {unknown}
 n - 3 scrolls of identify {unknown}
 p - a scroll of magic mapping {unknown}
 s - a scroll of fear {unknown}
 u - a scroll of immolation {unknown}
Potions
 b - a potion of might {unknown}
 e - a potion of stabbing {unknown}
 f - a potion of cancellation {unknown}
 j - a potion of flight {unknown}
 l - 3 potions of mutation {unknown}
 q - a potion of degeneration {unknown}
 r - a potion of brilliance {unknown}
 t - a potion of curing {unknown}
 v - 2 potions of berserk rage {unknown}


   Skills:
 + Level 3.1 Fighting
 + Level 4.7 Maces & Flails
 + Level 1.8 Throwing
 + Level 2.0 Armour
 + Level 3.0 Dodging
 + Level 1.5 Stealth


You had 4 spell levels left.
You didn't know any spells.
Your spell library was empty.

Dungeon Overview and Level Annotations

Branches:
Dungeon (4/15)
 Temple: D:4-7

Altars:
Elyvilon


Innate Abilities, Weirdness & Mutations

You are resistant to torment.
Your stone body is resilient. (AC +4)
You are immune to poison.
You resist negative energy. (rN+)
You are resistant to electric shocks. (rElec)
You can survive without breathing.
You are immune to petrification.
You are immune to rotting.


Message History

The ogre is lightly wounded.
You hit the ogre.
The ogre is lightly wounded.
The ogre barely misses you.
You hit the ogre.
The ogre is lightly wounded.
The ogre closely misses you.
You hit the ogre.
The ogre is moderately wounded.
The ogre barely misses you.
You sock the ogre!
The ogre is heavily wounded.
The ogre closely misses you.
You barely miss the ogre.
The ogre is heavily wounded.
The ogre hits you with a +0 giant club.
You hit the ogre.
The ogre is severely wounded.
The ogre hits you with a +0 giant club!
You die...

#. .. #.### .# #
#...### #.# #.########
.....##..# ....[>...#
#.#.....##
......./.#####.#.#.....
...........gO@)<.......
.........#####.#.######
.........#####...####
......[..#....[)....#
.........#..........#
.........#..........#
.........#(.<.......#
#####################


You could see an ogre and a goblin.

Vanquished Creatures
  An orc priest (D:3)
  A worker ant (D:4)
  7 gnolls (D:2)
  An adder (D:2)
  An ooze (D:3)
  3 worms (D:2)
  2 dart slugs (D:2)
  2 leopard geckos
  5 orcs
  7 bats
  3 giant cockroaches
  2 goblins (D:2)
  4 hobgoblins
  10 kobolds
  4 frilled lizards
  A jackal skeleton (D:4)
  5 rats
59 creatures vanquished.

Notes
Turn   | Place    | Note
-------+----------+-------------------------------------------
     0 | D:1      | karrick the Gargoyle Gladiator began the quest for the Orb.
     0 | D:1      | Reached XP level 1. HP: 12/12 MP: 1/1
   390 | D:1      | Reached XP level 2. HP: 17/17 MP: 2/2
  1244 | D:2      | Reached XP level 3. HP: 17/22 MP: 3/3
  1259 | D:2      | Reached skill level 1 in Armour
  1484 | D:2      | Reached XP level 4. HP: 26/27 MP: 4/4
  2034 | D:2      | Reached skill level 4 in Maces & Flails
  2571 | D:2      | Reached XP level 5. HP: 17/32 MP: 5/5
  2659 | D:2      | Reached skill level 1 in Stealth
  2819 | D:3      | Found a white marble altar of Elyvilon.
  3413 | D:4      | Got an ichor-stained leather armour
  3425 | D:4      | Identified the +3 leather armour "Sosto" {rN+ Dex+3} (You
                  | found it on level 4 of the Dungeon)
  3471 | D:4      | Noticed an ogre
  3489 | D:4      | Slain by an ogre

Illustrated notes

Levels and vault maps discovered:
D:1:      grunt_arrival_crossed_arrows, layout_basic
D:2:      layout_basic
D:3:      layout_basic, elyvilon_altar_4
D:4:      layout_rooms, ebering_ghost_reflecting_pool, uniq_sigmund, uniq_pikel,
          uniq_robin

Skill      XL: |  1  2  3  4  5 |
---------------+----------------+-----
Armour         | 1 2 |  2.0
Maces & Flails | 4 |  4.7
Stealth        | 1 |  1.5
Fighting       | 3 |  3.1
Dodging        | 3 |  3.0
Throwing       | |  1.8

Action                   |  1- 3 |  4- 6 || total
-------------------------+-------+-------++-------
Melee: Flail             |   121 |   134 ||   255
 Stab: Sleeping          |       |     2 ||     2
Armor: Leather armour    |    56 |    64 ||   120
Dodge: Dodged            |   109 |    83 ||   192

Table legend: (Time is in decaauts)
 A = Elapsed time spent in this place.
 B = Non-inter-level travel time spent in this place.
 C = Inter-level travel time spent in this place.
 D = Time resting spent in this place.
 E = Time spent auto-exploring this place.
 F = Levels seen in this place.
 G = Mean time per level.
                   A        B        C        D        E       F      G
               +--------+--------+--------+--------+--------+-----+--------+
         Total |   3543 |   3475 |     68 |    982 |   1836 |   4 |  885.8 |
       Dungeon |   3543 |   3475 |     68 |    982 |   1836 |   4 |  885.8 |
               +--------+--------+--------+--------+--------+-----+--------+

Top non-repeatable levels by time:
     D:1: 1677 daAuts
     D:2: 1186 daAuts
     D:3: 588 daAuts
     D:4: 91 daAuts
